 Dungeon Crawl Stone Soup version 0.20-a0-633-gff4aa5c (webtiles) character file.

28231 polly the Blocker (level 13, -6/82 HPs)
             Began as a Gargoyle Fighter on Feb 12, 2017.
             Was a Believer of Okawaru.
             Killed from afar by a human (13 damage)
             ... with an exploding inner flame
             ... hexed by the player character
             ... on level 13 of the Dungeon.
             The game lasted 00:31:16 (13571 turns).

polly the Blocker (Gargoyle Fighter)               Turns: 13571, Time: 00:31:17

Health: -6/82      AC: 36    Str: 25    XL:     13   Next: 37%
Magic:  13/13      EV: 13    Int:  6    God:    Okawaru [**....]
Gold:   787        SH: 19    Dex: 25    Spells: 12/12 levels left

rFire    . . .     SeeInvis .   u - +4 morningstar
rCold    + + .     Gourm    .   y - +0 plate armour of the Flute {rCorr Dex+5}
rNeg     + . .     Faith    .   c - +0 shield
rPois    ∞         Spirit   .   P - +1 hat
rElec    +         Reflect  .   L - +0 cloak {rC+}
rCorr    +         Harm     .   x - +1 pair of gloves
MR       .....     Rnd*Tele +   (no boots)
Stlth    ..........             (no amulet)
Regen    0.2/turn               o - +5 ring of dexterity
                                F - +6 ring of protection

@: agile
A: hooves 1, icy blue scales 1, large bone plates 1, camouflage 1, cold
resistance 1, dopey 1, negative energy resistance 1, electricity resistance,
slow regeneration 1, teleportitis 1, unbreathing, evolution 1, petrification
resistance, rot immunity, AC +9
a: Heroism, Renounce Religion


You were on level 13 of the Dungeon.
You worshipped Okawaru.
Okawaru was pleased with you.
You were hungry.

You visited 2 branches of the dungeon, and saw 14 of its levels.
You also visited: Sewer and Ice Cave.

You collected 884 gold pieces.
You spent 97 gold pieces at shops.

Inventory:

Hand Weapons
 u - a +4 morningstar (weapon)
Armour
 c - a +0 shield (worn)
 x - a +1 pair of gloves (worn)
 y - the +0 plate armour of the Flute (worn) {rCorr Dex+5}
   (You found it on level 6 of the Dungeon)

   It affects your dexterity (+5).
   It protects you from acid and corrosion.
 L - a +0 cloak of cold resistance (worn)
 P - a +1 hat (worn)
Jewellery
 o - a +5 ring of dexterity (right hand)
 q - an uncursed ring of protection from magic
 F - a +6 ring of protection (left hand)
 T - an uncursed ring of magical power
Wands
 a - a wand of disintegration (15/24)
 D - a wand of iceblast (4/15)
 I - a wand of iceblast (9/15)
 O - a wand of iceblast (5/15)
 R - a wand of acid (13/15)
 S - a wand of lightning (12/15)
 U - a wand of paralysis (7/24)
Scrolls
 b - 3 scrolls of enchant armour
 d - 2 scrolls of remove curse
 e - 3 scrolls of teleportation
 g - 6 scrolls of identify
 h - a scroll of acquirement {unknown}
 i - 3 scrolls of fear
 k - 3 scrolls of amnesia
 p - a scroll of fog {unknown}
 r - 3 scrolls of enchant weapon
 t - 2 scrolls of recharging {unknown}
 B - 2 scrolls of random uselessness {unknown}
 J - 2 scrolls of noise {unknown}
 M - a scroll of blinking {unknown}
 N - a scroll of torment {unknown}
Potions
 l - 2 potions of berserk rage
 n - a potion of magic
 s - 3 potions of mutation
 v - 2 potions of lignification {unknown}
 w - a potion of resistance {unknown}
 A - a potion of ambrosia {unknown}
 C - 2 potions of invisibility {unknown}
 E - 2 potions of brilliance {unknown}
 G - 2 potions of curing
 V - a potion of heal wounds
Books
 K - a book of Ice

   Spells                             Type                      Level
   a - Ice Form                       Ice/Transmutation            4
   b - Metabolic Englaciation         Hexes/Ice                    5
   c - Ozocubu's Refrigeration        Ice                          6
   d - Bolt of Cold                   Conjuration/Ice              6
   e - Freezing Cloud                 Conjuration/Ice/Air          6
   f - Simulacrum                     Ice/Necromancy               6
Comestibles
 f - 18 bread rations
 j - 2 meat rations
 m - 8 fruits
 z - 3 royal jellies


   Skills:
 + Level 10.0 Fighting
 + Level 13.5 Maces & Flails
 + Level 9.2 Armour
 + Level 1.9 Dodging
 + Level 1.0 Stealth
 + Level 14.1 Shields


You had 12 spell levels left.
You didn't know any spells.

Dungeon Overview and Level Annotations

Branches:
Dungeon (13/15)            Temple (1/1) D:6            Lair (0/6) D:11
    Orc (0/2) D:11         Vaults (0/5) D:13

Altars:
Ashenzari
Cheibriados
Dithmenos
Elyvilon
Fedhas
Gozag
Hepliaklqana
Kikubaaqudgha
Makhleb
Nemelex Xobeh
Okawaru
Qazlal
Ru
Sif Muna
Trog
Uskayaw
Vehumet
Xom
Yredelemnul
Zin
The Shining One

Shops:
D:6 *

Annotations:
D:13 Erolcha, Rupert, Urug


Innate Abilities, Weirdness & Mutations

You are resistant to torment.
Your stone body is resilient. (AC +9)
You are immune to poison.
You resist negative energy. (rN+)
You are resistant to electric shocks. (rElec)
You can survive without breathing.
You are immune to petrification.
You are immune to rotting.
You have large cloven feet.
You are partially covered in icy blue scales. (AC +2)
You are partially covered in large bone plates. (SH +4)
Your skin changes colour to match your surroundings (Stealth+).
Your flesh is cold resistant. (rC+)
You are dopey. (Int -2)
You regenerate slowly when monsters are visible.
You are occasionally teleported next to monsters.
You evolve.


Message History

The fiery explosion engulfs the human.
The human explodes!
The fiery explosion engulfs you!
* * * LOW HITPOINT WARNING * * *
The fiery explosion engulfs the human.
The human is severely wounded.
The fiery explosion engulfs the human.
The human explodes!
The fiery explosion engulfs Rupert.
Rupert is almost dead.
The fiery explosion engulfs the human.
The human explodes!
The fiery explosion engulfs the human.
The human explodes!
The fiery explosion engulfs the human.
The human explodes!
The fiery explosion engulfs Rupert.
Rupert is almost dead.
The fiery explosion engulfs you!
You die...

################
#%..........$..#
.%.[..§§§......#
....%§§§§O§§...#
....§§§§§§§§...#
...%§§@@§§§o...#
....§§§§§§p§...#
.....§§pQpo....#
.......coo.....#
%...)..........#
>..............#
.....?..(.....[#
.....#########.#
... .#


You could see Rupert (inner flame), Urug (inner flame), a centaur warrior (inner
flame), Erolcha (inner flame), 3 humans, a tengu conjurer (inner flame), an orc
warrior (inner flame), an orc priest (inner flame) and an orc (inner flame).

Vanquished Creatures
  Josephine (D:11)
  A hydra (D:10)
  5 two-headed ogres
  2 centaur warriors
  A queen ant (D:9)
  Pikel (D:4)
  A necromancer (IceCv)
  A cyclops (D:13)
  An ugly thing (D:12)
  2 manticores (D:11)
  An ice statue (IceCv)
  A gargoyle (D:12)
  10 freezing wraiths (IceCv)
  2 trolls
  Prince Ribbit (D:9)
  3 hornets
  4 hippogriffs
  A spriggan (D:7)
  3 wraiths (D:11)
  A wyvern (D:12)
  The ghost of TwoGrow the Ruffian, an amateur TrMo (D:4)
  8 yaks
  3 humans (D:13)
  A basilisk (D:12)
  A hungry ghost (D:8)
  A warg (D:11)
  11 soldier ants (D:9)
  Duvessa (D:5)
  An acid dragon (D:12)
  A water moccasin (D:8)
  A porcupine (D:11)
  7 orc warriors
  Purgy (Sewer)
  5 sky beasts
  2 slaves (D:4)
  A phantom (D:8)
  2 black bears
  19 ice beasts
  7 ogres
  7 centaurs
  2 crocodiles
  A big kobold (D:4)
  6 bullfrogs
  Dowan (D:5)
  4 scorpions
  A swamp dragon simulacrum (IceCv)
  16 killer bees
  4 wights (D:10)
  An elephant simulacrum (IceCv)
  A crimson imp (D:12)
  3 centaur zombies
  A quasit (D:9)
  A bullfrog zombie (D:12)
  2 jellies
  5 hounds
  4 centaur skeletons
  3 draconian simulacra (IceCv)
  9 orc priests
  Crazy Yiuf (D:5)
  2 bullfrog skeletons
  4 iguanas
  10 orc wizards
  43 worker ants
  6 troll simulacra (IceCv)
  A polar bear simulacrum (IceCv)
  2 spriggan simulacra (IceCv)
  A wolf simulacrum (IceCv)
  4 centaur simulacra (IceCv)
  2 hound zombies
  2 hound skeletons (D:4)
  A worker ant zombie (D:11)
  7 gnolls
  3 ogre simulacra (IceCv)
  20 adders
  2 naga simulacra (IceCv)
  3 shadow imps
  12 white imps (IceCv)
  3 oozes
  5 worms
  3 dart slugs
  3 leopard geckos
  48 orcs
  A ball python (D:2)
  3 giant cockroaches
  9 hobgoblins
  9 jackals
  3 quokkas
  8 bats
  4 frilled lizards
  6 goblins
  8 kobolds
  2 quokka skeletons
  A quokka zombie (D:5)
  8 rats
439 creatures vanquished.

Vanquished Creatures (others)
  A slave (D:5)
  An adder (D:4)
  4 fungi (D:11)
6 creatures vanquished.

Grand Total: 445 creatures vanquished

Notes
Turn   | Place    | Note
-------+----------+-------------------------------------------
     0 | D:1      | polly the Gargoyle Fighter began the quest for the Orb.
     0 | D:1      | Reached XP level 1. HP: 14/14 MP: 1/1
    66 | D:1      | Reached XP level 2. HP: 19/19 MP: 2/2
   752 | D:2      | Reached XP level 3. HP: 23/23 MP: 3/3
   894 | D:2      | Reached skill level 4 in Shields
   894 | D:2      | Reached XP level 4. HP: 17/28 MP: 4/4
  1167 | D:2      | Found a sparkling altar of Nemelex Xobeh.
  1283 | D:2      | Found a bloodstained altar of Trog.
  1612 | D:3      | Reached XP level 5. HP: 14/33 MP: 5/5
  2271 | D:3      | Found a faded altar of an unknown god.
  2407 | D:4      | Reached XP level 6. HP: 38/38 MP: 6/6
  2414 | D:4      | Noticed TwoGrow's ghost (amateur TrMo)
  3173 | D:4      | Found a hazy altar of Hepliaklqana.
  3379 | D:5      | Entered Level 5 of the Dungeon
  3582 | D:4      | Reached skill level 5 in Shields
  3602 | D:4      | Killed TwoGrow's ghost
  3602 | D:4      | Reached skill level 5 in Maces & Flails
  3602 | D:4      | Reached XP level 7. HP: 13/43 MP: 7/7
  3942 | D:4      | Reached skill level 5 in Armour
  4174 | D:5      | Noticed Pikel
  4176 | D:5      | Noticed Dowan
  4176 | D:5      | Noticed Duvessa
  4188 | D:5      | Gained mutation: You are partially covered in large bone plates. (SH +4) [potion of mutation]
  4188 | D:5      | Gained mutation: You have large cloven feet. [potion of mutation]
  4188 | D:5      | Gained mutation: You evolve. [potion of mutation]
  4276 | D:4      | Gained mutation: Scrolls take you a little longer to read. [evolution]
  4421 | D:4      | Killed Pikel
  4421 | D:4      | Reached skill level 5 in Fighting
  4421 | D:4      | Reached skill level 6 in Shields
  4421 | D:4      | Reached XP level 8. HP: 36/49 MP: 8/8
  4549 | D:5      | Killed Duvessa
  4549 | D:5      | Reached skill level 7 in Shields
  4596 | D:5      | Killed Dowan
  5037 | D:5      | Reached XP level 9. HP: 54/54 MP: 9/9
  5215 | D:5      | Found a runed door.
  5307 | D:5      | Noticed Crazy Yiuf
  5313 | D:5      | Killed Crazy Yiuf
  5414 | D:6      | Reached skill level 8 in Shields
  5490 | D:6      | Found a staircase to the Ecumenical Temple.
  5624 | D:6      | Found Qiros's Assorted Antiques.
  5636 | D:6      | Got a faintly humming plate armour
  5662 | D:6      | Identified the cursed +0 plate armour of the Flute {rCorr Dex+5} (You found it on level 6 of the Dungeon)
  5672 | D:6      | Bought a scroll labeled LEUKUNN TOLU for 25 gold pieces
  5672 | D:6      | Bought a sapphire potion for 22 gold pieces
  5672 | D:6      | Bought 2 scrolls labeled HOSOTA TUUPH for 50 gold pieces
  5692 | D:6      | Found a white marble altar of Elyvilon.
  5763 | D:6      | Found a glowing drain.
  5834 | Sewer    | Entered a sewer
  5837 | Sewer    | Noticed Purgy
  5848 | Sewer    | Killed Purgy
  6699 | D:7      | Noticed a troll
  6713 | D:7      | Killed a troll
  6814 | D:7      | Reached skill level 1 in Dodging
  6824 | D:7      | Reached skill level 9 in Shields
  7016 | D:7      | Reached XP level 10. HP: 61/61 MP: 10/10
  7794 | D:8      | Found a shimmering altar of Xom.
  7854 | D:8      | Noticed a two-headed ogre
  8049 | D:7      | Killed a two-headed ogre
  8049 | D:7      | Reached skill level 10 in Shields
  8233 | D:8      | Noticed a two-headed ogre
  8245 | D:8      | Killed a two-headed ogre
  8310 | D:8      | Found a shadowy altar of Dithmenos.
  8413 | D:9      | Reached skill level 10 in Maces & Flails
  8447 | D:9      | Found a sparkling altar of Nemelex Xobeh.
  8449 | D:9      | Found a glowing silver altar of Zin.
  8500 | D:9      | Reached skill level 1 in Stealth
  8551 | D:9      | Found a radiant altar of Vehumet.
  8625 | D:9      | Reached XP level 11. HP: 66/67 MP: 11/11
  8629 | D:9      | Noticed a queen ant
  8678 | D:9      | Killed a queen ant
  8678 | D:9      | Reached skill level 11 in Shields
  9006 | D:9      | Lost mutation: Scrolls take you a little longer to read. [evolution]
  9322 | D:9      | Noticed Prince Ribbit
  9402 | D:10     | Entered Level 10 of the Dungeon
  9407 | D:10     | Noticed a seven-headed hydra
  9417 | D:10     | Killed a seven-headed hydra
  9417 | D:10     | Reached skill level 12 in Shields
  9708 | D:9      | Gained mutation: You regenerate slowly when monsters are visible. [mutagenic meat]
  9709 | D:9      | Gained mutation: Your flesh is cold resistant. (rC+) [mutagenic meat]
  9710 | D:9      | Gained mutation: You have a pair of small horns on your head. [mutagenic meat]
  9711 | D:9      | Gained mutation: You are occasionally teleported next to monsters. [mutagenic meat]
  9712 | D:9      | Gained mutation: You are partially covered in icy blue scales. (AC +2) [mutagenic meat]
  9713 | D:9      | Gained mutation: Your skin changes colour to match your surroundings (Stealth+). [mutagenic meat]
 10021 | D:9      | Killed Prince Ribbit
 10175 | D:10     | Gained mutation: You are dopey. (Int -2) [evolution]
 10214 | D:10     | Found a basalt altar of Yredelemnul.
 10353 | D:10     | Noticed a two-headed ogre
 10360 | D:10     | Killed a two-headed ogre
 10360 | D:10     | Reached XP level 12. HP: 75/75 MP: 12/12
 10733 | D:11     | Found a staircase to the Orcish Mines.
 10838 | D:11     | Noticed Josephine
 10848 | D:11     | Killed Josephine
 10887 | D:11     | Noticed a two-headed ogre
 10890 | D:11     | Killed a two-headed ogre
 10915 | D:11     | Found a frozen archway.
 10928 | D:11     | Reached skill level 13 in Shields
 10957 | IceCv    | Entered an ice cave
 11371 | IceCv    | Found an ancient bone altar of Kikubaaqudgha.
 12115 | D:11     | Reached XP level 13. HP: 78/81 MP: 13/13
 12380 | D:11     | Found a staircase to the Lair.
 12593 | Temple   | Entered the Ecumenical Temple
 12640 | Temple   | Became a worshipper of Warmaster Okawaru
 12975 | D:12     | Reached skill level 14 in Shields
 12986 | D:12     | Gained mutation: You are very dopey. (Int -4) [mutagenic meat]
 12987 | D:12     | Lost mutation: You are very dopey. (Int -4) [mutagenic meat]
 12988 | D:12     | Lost mutation: You have a pair of small horns on your head. [mutagenic meat]
 13023 | D:12     | Reached * piety under Okawaru
 13242 | D:12     | Found a blossoming altar of Fedhas.
 13381 | D:12     | Reached skill level 10 in Fighting
 13562 | D:13     | Found a gate to the Vaults.
 13562 | D:13     | Noticed Urug
 13562 | D:13     | Noticed Rupert
 13562 | D:13     | Noticed Erolcha
 13563 | D:13     | Paralysed by Rupert for 6 turns
 13571 | D:13     | Reached ** piety under Okawaru
 13571 | D:13     | Killed from afar by a human

Vault maps used:
D:1:      dpeg_arrival_tiny_d, serial_glass, glass_columns_b, glass_columns_a,
          minmay_strange_pillars, feat_on_display, feat_on_display
D:2:      lemuel_round_altar, nemelex_dance_club_becter
D:3:      first_bread, chequers_ecumenical_altar_grove
D:4:      nicolae_overflow_crystal_walls, minmay_unequal
D:5:      uniq_duvessa, uniq_pikel, uniq_crazy_yiuf_cottage
D:6:      elyvilon_altar_5, lemuel_temple_firewalk_b, serial_shops, shop,
          gup_sewer_entry_bowl
D:7:      the_bakery
D:8:      kennysheep_mini, overflow_temple_1_default
D:9:      lemuel_doored_altar, nicolae_overflow_hidden_temple,
          nicolae_two_hexagons, hangedman_decor_riveting, serial_park_tiny_1,
          nrook_mini_vaults, zaba_anthell, uniq_prince_ribbit1
D:10:     yredelemnul_altar_generic
D:11:     grunt_lair_entry_orc_guard_hut, david_orc_3,
          portal_ice_cave_entry_ice_beasts, uniq_josephine
D:12:     kennysheep_blocky_room, fedhas_bush_and_centaur_altar
D:13:     david_vaults_3, small_statue_intersection, uniq_azrael, uniq_nessos,
          uniq_kirke, uniq_urug, uniq_maurice, uniq_erolcha
Temple:   nicolae_temple_god_jail
Sewer:    kennysheep_door_sewer
IceCv:    ice_cave_small_necro

Skill      XL: |  1  2  3  4  5  6  7  8  9 10 11 12 13 |
---------------+----------------------------------------+-----
Shields        | 4 5 6 7 9 10 12 13 14 | 14.1
Maces & Flails | 3 4 5 6 8 10 11 12 13 | 13.5
Armour         | 4 5 6 7 8 9 |  9.2
Fighting       | 4 5 6 7 8 9 10 | 10.0
Dodging        | 1 |  1.9
Stealth        | 1 |  1.0

Action                   |  1- 3 |  4- 6 |  7- 9 | 10-12 | 13-15 || total
-------------------------+-------+-------+-------+-------+-------++-------
Melee: Flail             |   128 |   420 |   534 |   693 |       ||  1775
       Kick              |       |       |   186 |   545 |    76 ||   807
       Morningstar       |       |       |       |   431 |   158 ||   589
       Headbutt          |       |       |       |   122 |    24 ||   146
  Use: Potion            |       |     5 |     4 |     6 |     1 ||    16
       Scroll            |       |       |       |    11 |     1 ||    12
  Eat: Chunk             |       |     9 |    11 |    19 |     6 ||    45
       Royal jelly       |       |       |     1 |     2 |       ||     3
       Fruit             |       |       |       |     1 |       ||     1
       Meat ration       |       |       |       |     1 |       ||     1
Armor: Scale mail        |   119 |    31 |       |       |       ||   150
       Plate armour      |       |   237 |   253 |   557 |    73 ||  1120
Dodge: Dodged            |    73 |    55 |    99 |   179 |    24 ||   430
Block: Shield            |    94 |   227 |   462 |  1009 |   138 ||  1930
